 Dungeon Crawl Stone Soup version 0.31-a0-177-g4aa6249778 (webtiles) character file.

Game seed: 5780319302075997256

139 qw the Shooter (level 5, -7/49 HPs)
             Began as a Naga Hunter on June 18, 2023.
             Mangled by a gnoll
             ... wielding a +0 halberd
             ... led by a gnoll sergeant
              (9 damage)
             ... on level 6 of the Dungeon.
             The game lasted 00:00:41 (1750 turns).

qw the Shooter (Naga Hunter)                        Turns: 1750, Time: 00:00:41

Health: -7/49      AC:  5    Str: 13      XL:     5   Next: 22%
Magic:  5/5        EV:  8    Int: 10      God:
Gold:   83         SH:  5    Dex: 15 (18) Spells: 4/4 levels left

rFire   . . .        Y - +0 shortbow
rCold   + . .        (shield currently unavailable)
rNeg    + . .        j - +5 ring mail of Umnopiawk {*Corrode rC+ rN+ Dex+2}
rPois   +            (no helmet)
rElec   .            (no cloak)
rCorr   .            (no gloves)
SInv    +            (no barding)
Will    .....        k - amulet of reflection
Stlth   +            (no ring)
HPRegen 0.28/turn    (no ring)
MPRegen 0.09/turn

%: corrode self (3%), reflection
@: about to teleport, short of breath, corroded, very slow
A: AC +1, large, see invisible, deformed body, poison resistance, slowness 2,
spit poison 1, naga tail 1
a: Spit Poison


You were on level 6 of the Dungeon.
You visited 1 branch of the dungeon, and saw 4 of its levels.

You collected 83 gold pieces.


Innate Abilities, Weirdness & Mutations

Your serpentine skin is tough. (AC +1)
You have supernaturally acute eyesight. (SInv)
Armour fits poorly on your strangely shaped body.
Your system is resistant to poisons. (rPois)
You cover ground very slowly.
You can spit poison.
You have a snake-like lower body.


   Skills:
 - Level 3.1 Fighting
 + Level 5.3 Ranged Weapons
 - Level 1.5 Dodging
 - Level 1.5 Stealth


You had 4 spell levels left.
You didn't know any spells.
Your spell library was empty.

Inventory:

Hand Weapons
 Y - a +0 shortbow (weapon)
Armour
 j - the +5 ring mail of Umnopiawk (worn) {*Corrode rC+ rN+ Dex+2}
   (You found it on level 2 of the Dungeon)

   Dex:       It affects your dexterity (+2).
   rC:        It protects you from cold.
   rN:        It protects you from negative energy.
   *Corrode:  It may corrode you when you take damage.
Jewellery
 g - a +4 ring of slaying {mikee}
 k - an amulet of reflection (around neck)
Wands
 d - a wand of digging (7)
Scrolls
 a - a scroll of enchant armour
 b - a scroll of noise {unknown}
 i - 3 scrolls of identify
Potions
 e - a potion of mutation
 f - a potion of curing
 h - a potion of enlightenment {unknown}

Dungeon Overview and Level Annotations

Branches:
Dungeon (3/15)

Altars:
Ru

Shops:
D:3 ::


Message History

You shoot an arrow. The adder hisses angrily.
The arrow hits the gnoll sergeant.
The gnoll sergeant is heavily wounded.
An orc wizard comes into view. It is wielding a +0 dagger.
You shoot an arrow. The arrow hits the gnoll sergeant.
The gnoll sergeant is almost dead.
You have got your breath back.
The gnoll sergeant hits you from afar with a +3 heavy trident.
An orc priest comes into view. It is wielding a +0 whip.
The gnoll barely misses you. The gnoll hits you but does no damage.
An orc comes into view. It is wielding a +0 war axe.
1747 ||| INVOKING Spit Poison.
Aiming: Spit Poison (1% risk of failure)
Press: ? - help, Shift-Dir - straight line, f - gnoll, p - gnoll sergeant The splash of poison hits the gnoll!
The gnoll is poisoned.
The gnoll is heavily wounded.
The orc shouts!
The gnoll sergeant hits you from afar with a +3 heavy trident.
The gnoll barely misses you.
The gnoll hits you from afar with a +0 spear.
Your corrosive artefact corrodes you!
You shoot an arrow. The arrow barely misses the gnoll.
The orc priest shouts!
The arrow hits the gnoll.
The gnoll is moderately wounded.
The gnoll sergeant hits you from afar with a +3 heavy trident!
The orc priest calls down the wrath of Beogh upon you.
Beogh smites you!
An orc priest comes into view. It is wielding a +0 hand axe.
The gnoll barely misses you. The iguana barely misses you.
1749 ||| Stepping ~*~*~tactically~*~*~ (outnumbered).
The iguana attacks as you move away! The iguana bites you!
The gnoll closely misses you.
1750 ||| READING scroll of teleportation.
As you read the scroll of teleportation, it crumbles to dust.
You feel strangely unstable.
The gnoll barely misses you. x2; The iguana bites you.
The gnoll hits you from afar with a +0 halberd!
You die...

#.# ########.#
##(.....#.####
.............+
..........####
##....[.#######
##..(.........#
..........gg..#
..####...@lgg.#
..
#######g.....
..... ..o!


oS. oo o You could see a gnoll sergeant, an iguana, an orc priest and 4 gnolls.

Vanquished Creatures
  A jelly (D:6)
  A hound (D:6)
  2 adders (D:2)
  A worm (D:2)
  4 dart slugs
  2 ball pythons
  4 bats
  3 endoplasms (D:2)
  A giant cockroach (D:1)
  4 goblins
  6 hobgoblins
  3 jackals (D:2)
  2 quokkas (D:2)
  A frilled lizard (D:2)
  7 kobolds (D:2)
  7 rats
49 creatures vanquished.

Notes
Turn   | Place    | Note
-------+----------+-------------------------------------------
     0 | D:1      | qw the Naga Hunter began the quest for the Orb.
     0 | D:1      | Reached XP level 1. HP: 19/19 MP: 1/1
     0 | D:1      | 0 ||| qw: Version: 0.3-a-5-g6f28e65
     0 | D:1      | 0 ||| qw: Game counter: 678
     0 | D:1      | 0 ||| qw: Always use a shield: true
     0 | D:1      | 0 ||| qw: God list: Okawaru
     0 | D:1      | 0 ||| qw: Allow faded altars: false
     0 | D:1      | 0 ||| qw: Do Orc after D:15 true
     0 | D:1      | 0 ||| qw: Do second Lair branch before Depths: true
     0 | D:1      | 0 ||| qw: Lair rune preference: random
     0 | D:1      | 0 ||| qw: Plans: Normal
     0 | D:1      | 0 ||| PLANNING D:1-11
    35 | D:1      | 35 ||| INVOKING Spit Poison.
   120 | D:1      | 120 ||| INVOKING Spit Poison.
   148 | D:1      | 148 ||| INVOKING Spit Poison.
   261 | D:1      | 261 ||| INVOKING Spit Poison.
   263 | D:1      | Reached skill level 4 in Ranged Weapons
   263 | D:1      | Reached XP level 2. HP: 26/26 MP: 2/2
   377 | D:1      | Found a faded altar of an unknown god.
   396 | D:1      | 396 ||| INVOKING Spit Poison.
   400 | D:1      | 400 ||| INVOKING Spit Poison.
   418 | D:1      | 418 ||| INVOKING Spit Poison.
   554 | D:1      | 554 ||| READING 2 scrolls labelled GOTEKKAEDIO.
   555 | D:1      | 555 ||| READING scroll labelled KOOGHI GYOSTE.
   556 | D:1      | 556 ||| READING 3 scrolls labelled WACEJYFROSH.
   557 | D:1      | 557 ||| DRINKING 2 cyan potions.
   558 | D:1      | 558 ||| DROPPING scroll of butterflies.
   559 | D:1      | 559 ||| DROPPING potion of degeneration.
   560 | D:1      | 560 ||| DROPPING 2 scrolls of fear.
   636 | D:2      | 636 ||| INVOKING Spit Poison.
   646 | D:2      | 646 ||| INVOKING Spit Poison.
   664 | D:2      | 664 ||| INVOKING Spit Poison.
   668 | D:2      | 668 ||| INVOKING Spit Poison.
   669 | D:2      | Reached XP level 3. HP: 29/32 MP: 3/3
   691 | D:2      | 691 ||| INVOKING Spit Poison.
   696 | D:2      | 696 ||| INVOKING Spit Poison.
   697 | D:2      | 697 ||| Stepping ~*~*~tactically~*~*~ (outnumbered).
   701 | D:2      | 701 ||| INVOKING Spit Poison.
   706 | D:2      | 706 ||| INVOKING Spit Poison.
   710 | D:2      | HP: 8/32 [kobold/+0 whip (5)]
   712 | D:2      | 712 ||| INVOKING Spit Poison.
   715 | D:2      | HP: 7/32 [kobold/+0 whip (2)]
   778 | D:2      | 778 ||| INVOKING Spit Poison.
   816 | D:2      | 816 ||| INVOKING Spit Poison.
   841 | D:2      | 841 ||| INVOKING Spit Poison.
   860 | D:2      | 860 ||| INVOKING Spit Poison.
   866 | D:2      | 866 ||| INVOKING Spit Poison.
   898 | D:2      | 898 ||| INVOKING Spit Poison.
   918 | D:2      | 918 ||| INVOKING Spit Poison.
   919 | D:2      | 919 ||| INVOKING Spit Poison.
   924 | D:2      | 924 ||| INVOKING Spit Poison.
   925 | D:2      | Reached skill level 5 in Ranged Weapons
   925 | D:2      | Reached XP level 4. HP: 23/39 MP: 4/4
  1039 | D:2      | 1039 ||| INVOKING Spit Poison.
  1047 | D:2      | 1047 ||| INVOKING Spit Poison.
  1050 | D:2      | 1050 ||| INVOKING Spit Poison.
  1056 | D:2      | Identified the +5 ring mail of Umnopiawk {*Corrode rC+ rN+
                  | Dex+2}
  1061 | D:2      | 1061 ||| INVOKING Spit Poison.
  1097 | D:2      | 1097 ||| INVOKING Spit Poison.
  1103 | D:2      | 1103 ||| INVOKING Spit Poison.
  1234 | D:2      | 1234 ||| INVOKING Spit Poison.
  1295 | D:2      | 1295 ||| INVOKING Spit Poison.
  1296 | D:2      | 1296 ||| INVOKING Spit Poison.
  1440 | D:2      | 1440 ||| UPGRADING to +5 ring mail of Umnopiawk {*Corrode
                  | rC+ rN+ Dex+2}.
  1450 | D:2      | 1450 ||| DROPPING +0 leather armour.
  1451 | D:2      | 1451 ||| UPGRADING to amulet of reflection.
  1456 | D:2      | 1456 ||| READING scroll labelled ZOETRAMUXU.
  1457 | D:2      | 1457 ||| READING scroll labelled RER ZOYBOIMP.
  1458 | D:2      | 1458 ||| READING scroll labelled SEBYUL HIUS.
  1462 | D:2      | 1462 ||| DRINKING 2 inky potions.
  1463 | D:2      | 1463 ||| DRINKING 2 glowing black potions.
  1464 | D:2      | 1464 ||| READING 2 scrolls of identify.
  1464 | D:2      | 1464 ||| IDENTIFYING glowing inky potion
  1465 | D:2      | 1465 ||| DROPPING potion of invisibility.
  1514 | D:3      | Found Pautygg's Book Shop.
  1518 | D:3      | Found a sacrificial altar of Ru.
  1526 | D:3      | Found Ywkutaidgh's Book Boutique.
  1670 | D:3      | You fall into a shaft and drop 3 floors!
  1674 | D:6      | 1674 ||| INVOKING Spit Poison.
  1678 | D:6      | 1678 ||| INVOKING Spit Poison.
  1682 | D:6      | 1682 ||| INVOKING Spit Poison.
  1683 | D:6      | 1683 ||| INVOKING Spit Poison.
  1684 | D:6      | Reached skill level 3 in Fighting
  1687 | D:6      | Reached XP level 5. HP: 41/49 MP: 5/5
  1743 | D:6      | 1743 ||| INVOKING Spit Poison.
  1747 | D:6      | 1747 ||| INVOKING Spit Poison.
  1749 | D:6      | 1749 ||| Stepping ~*~*~tactically~*~*~ (outnumbered).
  1749 | D:6      | HP: 3/49 [iguana (10)]
  1750 | D:6      | 1750 ||| READING scroll of teleportation.
  1750 | D:6      | Mangled by a gnoll

Levels and vault maps discovered:
D:1:      dpeg_arrival_ternary, layout_basic, chequers_ecumenical_altar_island,
          minmay_pentomino_q4
D:2:      layout_loops_cross, minmay_misc_feat_four_crosses, minmay_vboxes
D:3:      kb_forest_paths, layout_basic, mainiacjoe_overflow_paths,
          serial_shops, nicolae_shop_advertising_works
          [nicolae_subvault_shop_adworks], shop, nicolae_shop_crystal, shop,
          minmay_misc_feat_x
D:6:      layout_basic, kennysheep_mini

Skill      XL: |  1  2  3  4 |
---------------+-------------+-----
Ranged Weapons | 4 5 |  5.3
Fighting       | 3 |  3.1
Dodging        | |  1.5
Stealth        | |  1.5

Action                     |  1- 3 |  4- 6 || total
---------------------------+-------+-------++-------
   Fire: Shortbow          |    48 |    37 ||    85
Ability: Spit Poison       |    24 |    13 ||    37
    Use: Scroll            |     3 |     5 ||     8
         Potion            |     1 |     2 ||     3
 Armour: Leather armour    |    10 |       ||    10
         Ring mail         |       |    10 ||    10
  Dodge: Dodged            |    11 |    12 ||    23

Table legend:
 A = Non-vault XP
 B = Vault XP
 C = Vault XP percentage of total XP
 D = Non-vault monster count
 E = Vault monster count
 F = Vault count percentage of total count
                 A         B        C        D         E       F
            +---------+---------+-------+---------+---------+-------
      Total |     178 |      21 |  10.6 |      37 |      12 |  24.5
            +---------+---------+-------+---------+---------+-------
        D:1 |      11 |      10 |  47.6 |       7 |       4 |  36.4
        D:2 |      78 |      11 |  12.4 |      27 |       8 |  22.9
        D:3 |       1 |       0 |   0.0 |       1 |       0 |   0.0
        D:6 |      88 |       0 |   0.0 |       2 |       0 |   0.0
            +---------+---------+-------+---------+---------+-------
